[Event "XVII Orsha-2019 Open"]
[Site "Orsha"]
[Date "2019.01.22"]
[Round "7"]
[White "Lazavik, Denis"]
[Black "Kuleshov, Konstantin"]
[Result "1-0"]
[ECO "A80"]
[WhiteElo "2296"]
[BlackElo "2098"]
[Annotator "NA"]
[PlyCount "157"]
[EventDate "2019.01.18"]
[EventType "swiss"]
[EventCountry "BLR"]
[SourceTitle "playchess.com"]
[Source "ChessBase"]
[SourceQuality "1"]
[TimeControl "5400+30"]

1. d4 f5 2. Nf3 Nf6 3. g3 g6 4. Bg2 Bg7 5. O-O O-O 6. b3 d6 7. Bb2 c6 8. c4 Qc7 9. Nbd2 Re8 10. Qc2 {[%emt 0:10:47] A87: Dutch Defence: Leningrad System: 5 Nf3} (10. Re1 e5 11. dxe5 dxe5 12. e4 fxe4 13. Nxe4 Nxe4 14. Rxe4 Na6 15. Qe2 Bf5 16. Re3 e4 17. Nh4 Nc5 18. Bxg7 Qxg7 {½-½ (71) Bekker Jensen,S (2482)-Beukema,S (2396) Batumi 2018}) 10... e5 11. dxe5 {[%emt 0:00:39] LiveBook: 6 Games} (11. e4 $11) 11... dxe5 12. e4 c5 13. Ne1 $146 ({Predecessor:} 13. Rae1 Nc6 14. a3 a5 15. Qb1 Bd7 16. Bc3 Nd4 {½-½ (24) Wenninger,P (2330)-Meulner,F (2066) Willingen 2017}) 13... Nc6 14. Nd3 Nd4 15. Bxd4 exd4 16. Rfe1 a5 17. e5 Ng4 18. h3 Nh6 19. f4 Nf7 20. a4 Be6 21. Bd5 Rad8 22. Bxe6 Rxe6 23. Nf3 Bf8 24. Qg2 Be7 25. g4 Nh6 26. Kf2 Rf8 27. Ke2 Rb6 28. Rab1 Qd7 29. Rg1 Kf7 30. Kd2 Ke8 31. Kc2 Rc6 32. Rbe1 Kd8 33. Ng5 Bxg5 34. fxg5 Ng8 35. e6 $1 Qc7 36. Rgf1 Ne7 37. Qf2 Kc8 38. Qh4 Rh8 39. Qh6 Rd6 40. Qg7 Rdd8 41. Qe5 b6 42. gxf5 Nxf5 43. Rxf5 gxf5 44. e7 Rde8 45. Qxf5+ Kb7 46. Qf6 $2 (46. Re5 $18) 46... Qh2+ 47. Kb1 Qd2 48. Qf3+ Ka7 49. Re2 Qxg5 50. Ne5 Rhg8 51. Ka2 Ka6 52. Nf7 Qg3 53. Qc6 Qd3 54. Qb5+ Ka7 55. Qd7+ Ka6 56. Qb5+ Ka7 57. Qd7+ Ka6 58. Rb2 $11 Qe3 59. Nd8 Qe4 60. Qc8+ Ka7 61. Nc6+ Qxc6 62. Qxc6 Rxe7 63. Rf2 Rd8 64. Rf6 Rb7 65. Rd6 Rxd6 66. Qxd6 Rg7 67. h4 Kb7 68. h5 Rc7 69. h6 Rc8 70. Kb2 Rc7 71. Kc2 Rc8 72. Kd3 Rc7 73. Ke4 Rc8 74. Kf5 Rc7 75. Qd5+ Ka7 76. Ke6 Rb7 77. Kd6 Kb8 78. Kc6 Ka7 79. Qg8 1-0

[Event "XVII Orsha-2019 Open"]
[Site "Orsha"]
[Date "2019.01.22"]
[Round "7"]
[White "Siniauski, Artsiom"]
[Black "Tihonov, Jurij"]
[Result "0-1"]
[ECO "B52"]
[WhiteElo "2182"]
[BlackElo "2399"]
[Annotator "NA"]
[PlyCount "109"]
[EventDate "2019.01.18"]
[EventType "swiss"]
[EventCountry "BLR"]
[SourceTitle "playchess.com"]
[Source "ChessBase"]
[SourceQuality "1"]
[TimeControl "5400+30"]

1. e4 c5 2. Nf3 d6 3. Bb5+ Bd7 4. Bxd7+ Nxd7 5. O-O Ngf6 {[%emt 0:00:04] LiveBook: 1239 Games} 6. Qe2 e6 7. b3 g6 {[%emt 0:00:19] B50: Sicilian: 2...d6, Miscellaneous} 8. Bb2 Bg7 9. c4 O-O 10. Rd1 $146 ({Predecessor:} 10. d4 cxd4 11. Nxd4 a6 12. Nc3 Re8 13. Rad1 Qb6 14. Ba1 Rad8 15. Nf3 Nc5 16. Rfe1 h6 17. g3 Qc7 18. Bb2 Qb6 19. Ba1 Qc7 20. Bb2 Qb6 {½-½ (20) Anand,V (2779)-Grischuk,A (2737) Doha 2016}) 10... d5 11. e5 Ne8 (11... Nh5 $11 {keeps the balance.}) 12. cxd5 ({White should play} 12. d4 $16) 12... exd5 13. d4 Nc7 14. dxc5 Re8 15. b4 g5 16. h3 f5 17. Nc3 g4 18. Nxd5 gxf3 19. Qc4 Ne6 {[%emt 0:16:24] [#]} 20. Nf4 $2 (20. Nf6+ $1 $18 Bxf6 (20... Nxf6 21. Rxd8) 21. exf6) 20... Qg5 21. g3 Ndf8 22. Rd6 Qe7 23. Nd5 Qf7 24. Nf6+ Bxf6 25. exf6 Ng5 26. Qh4 Ne4 27. Rd3 Ng6 28. Qh6 $17 f4 29. Rad1 Nxf6 30. Rxf3 Rad8 31. Rf1 Rd5 32. Bxf6 Qxf6 33. Rxf4 Qg7 34. Qxg7+ Kxg7 35. Rc4 Re2 36. a4 Ne5 37. Rc3 Rd3 38. Rxd3 Nxd3 39. Rd1 Re1+ 40. Rxe1 Nxe1 41. b5 Kf6 42. a5 Nf3+ 43. Kg2 Ne5 44. c6 bxc6 45. b6 a6 46. f4 Nd7 47. Kf3 Nc5 48. g4 Nb7 49. Ke4 Nxa5 50. g5+ Kf7 51. h4 Nc4 52. h5 Nxb6 53. f5 Nd7 54. h6 a5 55. Kd4 0-1

[Event "XVII Orsha-2019 Open"]
[Site "Orsha"]
[Date "2019.01.22"]
[Round "7"]
[White "Vashchilov, Sergey"]
[Black "Krylov, Ivan"]
[Result "0-1"]
[ECO "B12"]
[WhiteElo "2134"]
[BlackElo "2441"]
[Annotator "ChessBase"]
[PlyCount "82"]
[EventDate "2019.01.18"]
[EventType "swiss"]
[EventCountry "BLR"]
[SourceTitle "playchess.com"]
[Source "ChessBase"]
[SourceQuality "1"]
[TimeControl "5400+30"]

1. e4 c6 2. d4 g6 3. Nf3 d5 4. Nc3 Bg7 5. e5 Bg4 6. h3 Bxf3 7. Qxf3 e6 8. Be3 Nd7 9. O-O-O Ne7 10. g4 b5 11. Kb1 b4 12. Na4 Qa5 13. b3 c5 14. dxc5 Bxe5 15. Qe2 Rc8 16. f4 Bg7 17. Bg2 O-O 18. Rhf1 Nxc5 19. Nxc5 Rxc5 20. Bxc5 Qxc5 21. Rd3 Rc8 22. f5 exf5 23. gxf5 Nxf5 24. Rxf5 gxf5 25. Bxd5 Qg1+ 26. Rd1 Qg5 27. Qa6 Rf8 28. a3 Qe3 29. axb4 Qc3 30. Qa3 Rc8 31. Qa2 f4 32. Rf1 Re8 33. Qa3 h6 34. b5 Re2 35. Rc1 Bd4 36. Bc4 Rd2 37. Bd3 f3 38. Re1 Kg7 39. Rc1 Rxd3 40. cxd3 Qxd3+ 41. Ka2 Qe2+ 0-1

[Event "XVII Orsha-2019 Open"]
[Site "Orsha"]
[Date "2019.01.22"]
[Round "7"]
[White "Silich, Yahor"]
[Black "Mihajlovskij, Sergei"]
[Result "1/2-1/2"]
[ECO "B06"]
[WhiteElo "2116"]
[BlackElo "2406"]
[Annotator "ChessBase"]
[PlyCount "135"]
[EventDate "2019.01.18"]
[EventType "swiss"]
[EventCountry "BLR"]
[SourceTitle "playchess.com"]
[Source "ChessBase"]
[SourceQuality "1"]
[TimeControl "5400+30"]

1. e4 g6 2. d4 Bg7 3. Nf3 d6 4. Nc3 a6 5. Be3 b5 6. a4 b4 7. Nb1 Nf6 8. Bd3 Nbd7 9. O-O O-O 10. c3 bxc3 11. bxc3 c5 12. Nbd2 Qc7 13. h3 Bb7 14. Qe2 e6 15. Rab1 Bc6 16. Bf4 Bxa4 17. Bxa6 Bc6 18. Bb5 Rfc8 19. Rfe1 Bxb5 20. Qxb5 Rcb8 21. Qd3 Rxb1 22. Rxb1 Qc6 23. Qb5 Qxb5 24. Rxb5 cxd4 25. cxd4 Bf8 26. Kf1 h6 27. Ke2 g5 28. Be3 Kg7 29. Rb7 Nb8 30. Rb6 Na6 31. Rb7 Rb8 32. Rxb8 Nxb8 33. Ne1 d5 34. e5 Nfd7 35. Nd3 Nc6 36. f4 gxf4 37. Nxf4 Be7 38. Nf3 Bd8 39. g4 Nf8 40. h4 Ng6 41. Nh5+ Kh7 42. Bf2 Nb8 43. g5 hxg5 44. Nxg5+ Bxg5 45. hxg5 Ne7 46. Nf4 Nbc6 47. Kd3 Kg7 48. Bg1 Ng6 49. Nh5+ Kf8 50. Be3 Nh4 51. Nf4 Kg7 52. Bf2 Nf3 53. g6 Nfxe5+ 54. dxe5 Nxe5+ 55. Ke2 Nxg6 56. Bd4+ Kh6 57. Nxg6 Kxg6 58. Kf3 Kf5 59. Bb2 e5 60. Ke3 d4+ 61. Kd3 Ke6 62. Ke4 f5+ 63. Kf3 Kd5 64. Ba3 Kc4 65. Bd6 Kd5 66. Bc7 f4 67. Ba5 d3 68. Bc3 1/2-1/2

[Event "XVII Orsha-2019 Open"]
[Site "Orsha"]
[Date "2019.01.22"]
[Round "7"]
[White "Navumenka, Mikhei"]
[Black "Grishchenko, Sergey"]
[Result "0-1"]
[ECO "A06"]
[WhiteElo "2104"]
[BlackElo "2409"]
[Annotator "ChessBase"]
[PlyCount "72"]
[EventDate "2019.01.18"]
[EventType "swiss"]
[EventCountry "BLR"]
[SourceTitle "playchess.com"]
[Source "ChessBase"]
[SourceQuality "1"]
[TimeControl "5400+30"]

1. Nf3 d5 2. g3 Nc6 3. d4 Bg4 4. Bg2 Qd7 5. h3 Bf5 6. c3 f6 7. Nbd2 e5 8. dxe5 fxe5 9. Nh4 Be6 10. e4 d4 11. Nhf3 Nf6 12. cxd4 Nxd4 13. O-O O-O-O 14. Nxd4 Qxd4 15. Qc2 Bb4 16. Nf3 Qxe4 17. Qxe4 Nxe4 18. Nxe5 Nd2 19. Rd1 Nc4 20. Rxd8+ Rxd8 21. Bg5 Nxe5 22. Bxd8 Kxd8 23. Bxb7 Bxh3 24. Rd1+ Bd6 25. Rd4 Be6 26. Ra4 Bc5 27. Re4 Nf3+ 28. Kg2 Nd4 29. b4 Bb6 30. a4 c6 31. Bxc6 Nxc6 32. Rxe6 Nxb4 33. g4 Kd7 34. Re4 Nd3 35. a5 Bxf2 36. Rc4 Bc5 0-1

[Event "XVII Orsha-2019 Open"]
[Site "Orsha"]
[Date "2019.01.22"]
[Round "7"]
[White "Gabdrakipov, Ilshat"]
[Black "Vorobjov, Pavel"]
[Result "0-1"]
[ECO "B94"]
[WhiteElo "2098"]
[BlackElo "2296"]
[Annotator "NA"]
[PlyCount "132"]
[EventDate "2019.01.18"]
[EventType "swiss"]
[EventCountry "BLR"]
[SourceTitle "playchess.com"]
[Source "ChessBase"]
[SourceQuality "1"]
[TimeControl "5400+30"]

1. e4 c5 2. Nf3 d6 3. d4 cxd4 4. Nxd4 Nf6 5. Nc3 a6 6. Bg5 Nbd7 7. f4 h6 {[%emt 0:11:22] B94: Sicilian Najdorf: 6 Bg5 Nbd7} (7... Qc7 8. Qf3 b5 9. O-O-O Bb7 10. g4 g6 11. Bxf6 Nxf6 12. g5 Nd7 13. Nd5 Bxd5 14. exd5 Bg7 15. Nc6 Nb8 {½-½ (40) Fier,A (2570)-Banikas,H (2591) Rio Achaea 2018}) 8. Bxf6 Nxf6 9. e5 dxe5 10. fxe5 Ng4 $1 11. e6 $1 Bxe6 12. Nxe6 {[%emt 0:00:46] LiveBook: 6 Games} Qxd1+ 13. Rxd1 fxe6 14. Be2 Ne5 15. O-O $146 ({Predecessor:} 15. Ne4) 15... g6 16. Rd4 Bg7 17. Rb4 O-O-O 18. Ne4 Rd5 19. c3 Rhd8 (19... h5 $15) 20. Rb6 Ra5 21. a3 Nc6 22. Rf7 Be5 23. Bg4 Bc7 24. Rb3 Re5 25. Bf3 b5 26. a4 Bb6+ 27. Kf1 Rf5 (27... g5 $17 28. axb5 Na5) 28. Rxf5 exf5 29. Ng3 (29. Nf2 $15 Rd2 30. Bxc6 Rxf2+ 31. Ke1) 29... Ne5 30. Be2 Kc7 31. axb5 a5 32. c4 Rd4 33. Ra3 Rf4+ 34. Bf3 Rxc4 35. Ne2 Rc2 36. Nf4 Rf2+ 37. Ke1 Nxf3+ 38. Rxf3 Rxf3 39. gxf3 e5 40. Nd5+ Kb7 41. Ne7 Bd4 42. b3 Kb6 43. Nxg6 Kxb5 44. Kd2 Kb4 45. Kc2 e4 46. fxe4 fxe4 47. h3 Kc5 48. Kd2 Bf2 49. Nf4 Kd4 50. Ne2+ Ke5 51. Nc3 Bc5 52. Ke2 h5 53. Na2 Kd4 54. Kd2 Bb4+ 55. Ke2 Be7 56. Kd2 Bg5+ 57. Ke2 Bf4 58. b4 a4 59. b5 a3 60. b6 Kc4 61. b7 Kb3 62. Nc1+ Kb2 63. Kd1 Bb8 64. Kd2 {[%emt 0:00:19] [#]} e3+ $1 65. Kd1 e2+ 66. Kd2 {[%emt 0:01:07] [#]} e1=Q+ 0-1

[Event "XVII Orsha-2019 Open"]
[Site "Orsha"]
[Date "2019.01.22"]
[Round "7"]
[White "Pogosian, Georgy"]
[Black "Cherepov, Alexej"]
[Result "1/2-1/2"]
[ECO "A10"]
[WhiteElo "2090"]
[BlackElo "2226"]
[Annotator "NA"]
[PlyCount "53"]
[EventDate "2019.01.18"]
[EventType "swiss"]
[EventCountry "BLR"]
[SourceTitle "playchess.com"]
[Source "ChessBase"]
[SourceQuality "1"]
[TimeControl "5400+30"]

1. c4 b6 2. Nc3 Bb7 3. d4 e6 4. a3 f5 5. d5 Nf6 6. g3 Bd6 7. Bg2 {[%emt 0:01:19] A40: Unusual replies to 1 d4} O-O (7... a5 8. Nh3 O-O 9. O-O Na6 10. e4 Be5 11. exf5 Bxc3 12. bxc3 exf5 13. Be3 Ne4 14. Bxe4 fxe4 {1-0 (36) Navara,D (2737)-Hou,Y (2666) Biel 2017}) 8. Nh3 Be5 9. O-O Bxc3 10. bxc3 Na6 11. Be3 {[%emt 0:19:24] LiveBook: 3 Games} c6 $146 ({Predecessor:} 11... e5 12. Qc2 Ne8 13. Bg5 {1-0 (38) Gupta,A (2591)-Rahman,Z (2511) Dubai 2013}) 12. dxe6 dxe6 13. Nf4 Qe7 14. h3 e5 15. Nd3 e4 16. Nc1 Nc5 (16... c5 $17 17. a4 Nb8) 17. Nb3 Nxb3 18. Qxb3 c5 19. a4 Ba6 20. a5 Qe6 21. Ra4 {[%emt 0:05:00] [#]} b5 $1 22. Raa1 Rfc8 23. Rfd1 bxc4 24. Qa3 Qe7 25. Rd2 $11 Rc7 26. Rad1 Rb8 27. Rd6 1/2-1/2

[Event "XVII Orsha-2019 Open"]
[Site "Orsha"]
[Date "2019.01.22"]
[Round "7"]
[White "Kirilin, Dmitrij"]
[Black "Aliakbarov, Anar"]
[Result "0-1"]
[ECO "D38"]
[WhiteElo "2074"]
[BlackElo "2282"]
[Annotator "NA"]
[PlyCount "92"]
[EventDate "2019.01.18"]
[EventType "swiss"]
[EventCountry "BLR"]
[SourceTitle "playchess.com"]
[Source "ChessBase"]
[SourceQuality "1"]
[TimeControl "5400+30"]

1. d4 Nf6 2. c4 e6 3. Nf3 d5 4. Nc3 Bb4 5. Bg5 Nbd7 6. e3 c5 7. cxd5 exd5 8. dxc5 Qa5 9. Nd2 {[%emt 0:09:48] D38: Queen's Gambit Declined: Ragozin Defence (4 Nf3 Bb4)} Bxc3 10. bxc3 {[%emt 0:00:02] LiveBook: 7 Games} Qxc3 11. Rc1 $146 ({Predecessor:} 11. Bxf6 Nxf6 12. Bb5+ Ke7 13. Rc1 Qa5 14. Qa4 Qxa4 15. Bxa4 Bd7 16. Bxd7 Nxd7 {½-½ (30) Gagare,S (2470)-Ivanchuk,V (2710) Doha 2015}) 11... Qa5 12. Bxf6 Nxf6 13. Qb3 O-O 14. Qc3 Qc7 15. Be2 Be6 16. O-O Rfc8 17. Nb3 Qe7 18. Rfd1 Rc7 19. Qa5 Ne4 20. Bf3 h6 21. Qb4 Nf6 22. Qa5 a6 23. Nd4 Rac8 24. c6 bxc6 25. Nxe6 fxe6 26. Qxa6 c5 27. Qd3 c4 28. Qc3 $17 Ra7 29. Rc2 Ra3 30. Qe5 Nd7 31. Qd4 Qc5 32. e4 Qxd4 33. Rxd4 Ne5 34. Be2 Nc6 35. Rd1 Nb4 36. Rb2 Rxa2 37. Rxa2 Nxa2 38. Bg4 Re8 39. Bh5 Rd8 40. Bg4 Kf7 41. Ra1 Rb8 42. g3 Rb2 43. exd5 exd5 44. Re1 Rd2 45. Be6+ Kf6 46. Bg8 g6 0-1

[Event "XVII Orsha-2019 Open"]
[Site "Orsha"]
[Date "2019.01.22"]
[Round "7.11"]
[White "Shkalov, Oleg"]
[Black "Stashis, Anna"]
[Result "1-0"]
[ECO "D02"]
[WhiteElo "2225"]
[BlackElo "1931"]
[PlyCount "77"]
[EventDate "2019.01.18"]
[EventType "swiss"]
[EventCountry "BLR"]
[TimeControl "5400+30"]

1. Nf3 d5 2. d4 c6 3. Bf4 Bf5 4. e3 Qb6 5. Qc1 e6 6. Nh4 Bg4 7. h3 Bh5 8. g4 Bg6 9. Nxg6 hxg6 10. Bg2 Qa6 11. Nd2 Nd7 12. c4 Bb4 13. O-O Ngf6 14. c5 Bxd2 15. Qxd2 Ne4 16. Qc2 g5 17. Bc7 Rc8 18. Bh2 Nf8 19. f3 Nf6 20. f4 gxf4 21. Bxf4 Ng6 22. Bg3 Ne4 23. Bxe4 dxe4 24. Kg2 Qb5 25. Rf2 O-O 26. Qxe4 b6 27. Bd6 Rfd8 28. b3 bxc5 29. dxc5 Rd7 30. Raf1 Rcd8 31. Kg3 a5 32. h4 Nf8 33. g5 Rb7 34. Bxf8 Rxf8 35. g6 Qxc5 36. Rxf7 Rbxf7 37. gxf7+ Kh8 38. Qxe6 Qc3 39. Qe7 1-0

[Event "XVII Orsha-2019 Open"]
[Site "Orsha"]
[Date "2019.01.22"]
[Round "7.12"]
[White "Ghevondyan, Arman"]
[Black "Egorenkov, Igor"]
[Result "1/2-1/2"]
[ECO "A04"]
[WhiteElo "1679"]
[BlackElo "2213"]
[PlyCount "71"]
[EventDate "2019.01.18"]
[EventType "swiss"]
[EventCountry "BLR"]
[TimeControl "5400+30"]

1. Nf3 Nf6 2. g3 c5 3. Bg2 Nc6 4. d4 cxd4 5. Nxd4 e5 6. Nxc6 bxc6 7. O-O Be7 8. c4 O-O 9. Nc3 Rb8 10. b3 Qc7 11. Bb2 d6 12. Rc1 Nd7 13. e4 Nc5 14. Qd2 f5 15. exf5 Bxf5 16. Rcd1 Rbd8 17. Qe2 Ne6 18. Na4 c5 19. Nc3 Nd4 20. Qe3 Bg4 21. Nd5 Qd7 22. f3 Be6 23. f4 Bf6 24. Bxd4 exd4 25. Qd3 Kh8 26. Rde1 Rde8 27. Be4 g6 28. h4 a5 29. Kh2 Bxd5 30. Bxd5 a4 31. Qf3 Rxe1 32. Rxe1 axb3 33. axb3 Qd8 34. Kh3 Re8 35. Rxe8+ Qxe8 36. Qe4 1/2-1/2

[Event "XVII Orsha-2019 Open"]
[Site "Orsha"]
[Date "2019.01.22"]
[Round "7.13"]
[White "Afonasieva, Anna"]
[Black "Dmitriev, Nikolay"]
[Result "1-0"]
[ECO "D11"]
[WhiteElo "2265"]
[BlackElo "1923"]
[PlyCount "57"]
[EventDate "2019.01.18"]
[EventType "swiss"]
[EventCountry "BLR"]
[TimeControl "5400+30"]

1. d4 d5 2. Nf3 Nf6 3. c4 c6 4. Nbd2 Bf5 5. Nh4 Bg6 6. Qb3 Qc7 7. Nxg6 hxg6 8. g3 e6 9. Bg2 Nbd7 10. O-O Be7 11. e4 dxe4 12. Nxe4 Nxe4 13. Bxe4 Qb6 14. Bg2 Qxb3 15. axb3 Nb6 16. Be3 O-O 17. Ra2 Rfd8 18. Rfa1 Nc8 19. Rd1 Nb6 20. Bf3 Rdc8 21. Rda1 Rc7 22. Rxa7 Rd8 23. d5 Nc8 24. dxc6 Nxa7 25. Rxa7 Re8 26. cxb7 Bd6 27. c5 Be5 28. Ra8 Rce7 29. Bf4 1-0

[Event "XVII Orsha-2019 Open"]
[Site "Orsha"]
[Date "2019.01.22"]
[Round "7.14"]
[White "Galkin, Gleb"]
[Black "Abrazevich, Yauheni"]
[Result "1-0"]
[ECO "E85"]
[WhiteElo "2156"]
[BlackElo "1914"]
[PlyCount "71"]
[EventDate "2019.01.18"]
[EventType "swiss"]
[EventCountry "BLR"]
[TimeControl "5400+30"]

1. d4 Nf6 2. c4 g6 3. Nc3 Bg7 4. e4 d6 5. f3 O-O 6. Be3 Nc6 7. Nge2 e5 8. d5 Ne7 9. Qd2 Nd7 10. g4 f5 11. gxf5 gxf5 12. O-O-O f4 13. Bf2 Bf6 14. h4 h5 15. Kb1 a5 16. Nc1 Kf7 17. Bh3 Nc5 18. Bxc5 Bxh3 19. Ba3 Bd7 20. c5 Ra6 21. Qe2 Bc8 22. Nb5 Ng6 23. Qc4 Rh8 24. Nd3 Bxh4 25. cxd6 cxd6 26. Rxh4 Nxh4 27. Nxd6+ Rxd6 28. Nxe5+ Kg7 29. Bxd6 Qxd6 30. Rg1+ Bg4 31. Qc3 Rc8 32. Qxc8 Qxe5 33. fxg4 Qxe4+ 34. Qc2 Qxc2+ 35. Kxc2 Nf3 36. d6 1-0

[Event "XVII Orsha-2019 Open"]
[Site "Orsha"]
[Date "2019.01.22"]
[Round "7.15"]
[White "Tsesler, Yakau"]
[Black "Runets, Ivan"]
[Result "0-1"]
[ECO "A47"]
[WhiteElo "1895"]
[BlackElo "2118"]
[PlyCount "92"]
[EventDate "2019.01.18"]
[EventType "swiss"]
[EventCountry "BLR"]
[TimeControl "5400+30"]

1. d4 Nf6 2. Nf3 e6 3. e3 b6 4. Bd3 Bb7 5. b3 Be7 6. Bb2 c5 7. Nbd2 d5 8. Ne5 a6 9. a4 Nc6 10. f4 Qc7 11. Nxc6 Bxc6 12. O-O O-O 13. Qe2 Qb7 14. Nf3 Ne4 15. Ne5 Be8 16. Bxe4 dxe4 17. Rfd1 f6 18. Nc4 b5 19. axb5 Bxb5 20. Rd2 cxd4 21. Bxd4 Qc7 22. Bb6 Qc6 23. Bd4 a5 24. Qh5 Bxc4 25. bxc4 a4 26. Qb5 Rfc8 27. c3 Qxc4 28. Qb7 Bf8 29. Qxe4 a3 30. Qc2 Rcb8 31. Qa2 Rb3 32. Rc1 Rc8 33. Kf2 Bd6 34. Rcc2 e5 35. fxe5 fxe5 36. Ba7 Rf8+ 37. Kg3 Bc7 38. e4 Kh8 39. Rf2 Rxc3+ 40. Rxc3 Qxc3+ 41. Rf3 Rxf3+ 42. gxf3 Bd6 43. Qe6 Bf8 44. Qe8 Qb4 45. Qf7 Qe7 46. Qd5 Qxa7 0-1

[Event "XVII Orsha-2019 Open"]
[Site "Orsha"]
[Date "2019.01.22"]
[Round "7.16"]
[White "Vainerchuk, Barys"]
[Black "Papunidi, Matvey"]
[Result "0-1"]
[ECO "B00"]
[WhiteElo "1907"]
[BlackElo "2113"]
[PlyCount "50"]
[EventDate "2019.01.18"]
[EventType "swiss"]
[EventCountry "BLR"]
[TimeControl "5400+30"]

1. e4 Nc6 2. d4 d5 3. e5 Bf5 4. Nf3 e6 5. Be2 Nb4 6. Na3 c5 7. c3 Nc6 8. Nc2 Qb6 9. O-O Bxc2 10. Qxc2 cxd4 11. Nxd4 Bc5 12. Nf3 Qc7 13. b4 Bb6 14. Qb3 Nge7 15. a4 a6 16. Bf4 O-O 17. Bd3 Ng6 18. Bg3 Ngxe5 19. Nxe5 Nxe5 20. Qc2 f5 21. Bf4 Nf3+ 22. gxf3 Qxf4 23. Qe2 Bc7 24. Qxe6+ Kh8 25. Rfe1 Qxh2+ 0-1

[Event "XVII Orsha-2019 Open"]
[Site "Orsha"]
[Date "2019.01.22"]
[Round "7.17"]
[White "Strybuk, Artsiom I"]
[Black "Naumovich, Yaroslav"]
[Result "1-0"]
[ECO "E01"]
[WhiteElo "2110"]
[BlackElo "1915"]
[PlyCount "131"]
[EventDate "2019.01.18"]
[EventType "swiss"]
[EventCountry "BLR"]
[TimeControl "5400+30"]

1. d4 d5 2. Nf3 Nf6 3. c4 c6 4. Nc3 e6 5. g3 Bd6 6. Bg2 O-O 7. O-O Nbd7 8. Nd2 Qe7 9. e4 dxe4 10. Ndxe4 Nxe4 11. Nxe4 e5 12. Re1 h6 13. Nxd6 Qxd6 14. Be3 exd4 15. Qxd4 Qxd4 16. Bxd4 Nb6 17. b3 Be6 18. a4 Rfd8 19. Be3 Nd7 20. a5 a6 21. f3 Nf6 22. Rad1 Bf5 23. Bb6 Rxd1 24. Rxd1 Re8 25. Kf2 Nd7 26. Bd4 Ne5 27. Bxe5 Rxe5 28. Rd8+ Kh7 29. b4 Re7 30. f4 Be4 31. Bf1 f5 32. Be2 Bc2 33. Ke1 h5 34. h4 g6 35. Kd2 Be4 36. Bd3 Bg2 37. Kc3 Kh6 38. Kd4 Bh1 39. Rd6 Kg7 40. Kc5 Re3 41. Bc2 Rxg3 42. Rd7+ Kh6 43. Rxb7 Rc3 44. Bd1 Rd3 45. Ba4 Rc3 46. Rb6 Bd5 47. Bxc6 Bxc4 48. Kd4 Rc1 49. Be8 Be2 50. Bxg6 Kg7 51. Bxf5 Bb5 52. Rxb5 axb5 53. Bd3 Rd1 54. a6 Kf6 55. Ke3 Ra1 56. Bxb5 Ke6 57. Be2 Kd6 58. b5 Kc5 59. f5 Rg1 60. f6 Rg8 61. Kf4 Kb6 62. Kf5 Rg2 63. Bf3 Rg3 64. Bd5 Rg1 65. f7 Rf1+ 66. Kg5 1-0

[Event "XVII Orsha-2019 Open"]
[Site "Orsha"]
[Date "2019.01.22"]
[Round "7.18"]
[White "Parshin, Maxim"]
[Black "Nikolaev, Dmitry"]
[Result "1-0"]
[ECO "A48"]
[WhiteElo "1956"]
[BlackElo "1634"]
[PlyCount "63"]
[EventDate "2019.01.18"]
[EventType "swiss"]
[EventCountry "BLR"]
[TimeControl "5400+30"]

1. d4 Nf6 2. Nf3 g6 3. Bg5 Bg7 4. Nbd2 O-O 5. c3 d6 6. e4 c5 7. dxc5 dxc5 8. Bc4 Nc6 9. O-O Bg4 10. h3 Bd7 11. Re1 e5 12. a4 h6 13. Bxf6 Bxf6 14. Nf1 Be6 15. Bxe6 fxe6 16. Qb3 Qe7 17. Ne3 h5 18. Rad1 Rfd8 19. Nc4 g5 20. Ne3 Rxd1 21. Rxd1 Rd8 22. Rxd8+ Nxd8 23. Kf1 Kh7 24. Ke2 Kg6 25. g4 Nf7 26. gxh5+ Kxh5 27. Qd1 Qe8 28. Ng4 Bg7 29. Ke3 Qc6 30. Nfxe5 Qc7 31. Nf6+ Kh6 32. Qh5# 1-0

[Event "XVII Orsha-2019 Open"]
[Site "Orsha"]
[Date "2019.01.22"]
[Round "7.19"]
[White "Paniagua Chnelik, Sebastian"]
[Black "Staravoitava, Hanna"]
[Result "1-0"]
[ECO "A81"]
[WhiteElo "2188"]
[BlackElo "1864"]
[PlyCount "161"]
[EventDate "2019.01.18"]
[EventType "swiss"]
[EventCountry "BLR"]
[TimeControl "5400+30"]

1. d4 f5 2. g3 Nf6 3. Bg2 e6 4. Nf3 Be7 5. O-O O-O 6. c3 d6 7. Nbd2 Qe8 8. Qc2 Nc6 9. e4 f4 10. e5 dxe5 11. dxe5 Ng4 12. Qe4 Qh5 13. gxf4 Bc5 14. h3 Nh6 15. Ng5 Nf5 16. Qc4 Bb6 17. Ndf3 Bd7 18. Re1 h6 19. Ne4 Nce7 20. Nd4 Qg6 21. Kh2 Nh4 22. Bh1 Nd5 23. Nf6+ Nxf6 24. exf6 Rxf6 25. Qe2 Bxd4 26. cxd4 Raf8 27. Qg4 Qxg4 28. hxg4 Ng6 29. f5 exf5 30. g5 Rd6 31. d5 hxg5 32. Bxg5 Kf7 33. f4 Re8 34. Kg3 Rb6 35. b3 a5 36. Bf3 Ne7 37. Rac1 c6 38. d6 Nd5 39. Rxe8 Bxe8 40. Bxd5+ cxd5 41. Rc7+ Ke6 42. Re7+ Kxd6 43. Rxe8 Kc5 44. Rd8 a4 45. Be7+ Kd4 46. b4 Ke4 47. Bc5 Rg6+ 48. Kf2 b6 49. Bd6 Rh6 50. a3 b5 51. Re8+ Kd3 52. Bc5 Rh2+ 53. Kf3 Kc4 54. Re7 g6 55. Bf2 Rh3+ 56. Bg3 Rh1 57. Bf2 Rh3+ 58. Bg3 Rh1 59. Rc7+ Kd3 60. Rc5 d4 61. Rxb5 Ra1 62. Bf2 Rxa3 63. Rc5 Rb3 64. Be1 a3 65. Ra5 Kc4+ 66. Ke2 Re3+ 67. Kd1 Kb3 68. Bd2 Rh3 69. b5 d3 70. Bc1 Kb4 71. Bd2+ Kb3 72. b6 Rh1+ 73. Be1 Rh7 74. Rb5+ Kc4 75. b7 a2 76. Rb4+ Kd5 77. Bc3 Rh1+ 78. Kd2 Rh2+ 79. Ke3 Rh3+ 80. Kf2 Rh2+ 81. Kg3 1-0

[Event "XVII Orsha-2019 Open"]
[Site "Orsha"]
[Date "2019.01.22"]
[Round "7.20"]
[White "Kolosovskaya, Olga"]
[Black "Budnikov, Sergei"]
[Result "1/2-1/2"]
[ECO "A90"]
[WhiteElo "1855"]
[BlackElo "2152"]
[PlyCount "103"]
[EventDate "2019.01.18"]
[EventType "swiss"]
[EventCountry "BLR"]
[TimeControl "5400+30"]

1. d4 d5 2. c4 e6 3. g3 c6 4. Nf3 f5 5. Bg2 Nf6 6. O-O Bd6 7. b3 Qe7 8. Bf4 Bxf4 9. gxf4 O-O 10. Ne5 Bd7 11. Nc3 Be8 12. f3 Nbd7 13. Kh1 Rd8 14. c5 Nh5 15. Nxd7 Rxd7 16. e3 Kh8 17. Qe1 Rg8 18. Qf2 g5 19. fxg5 Qxg5 20. f4 Qh6 21. Ne2 Rdg7 22. Bf3 Nf6 23. Rg1 Bh5 24. Rxg7 Rxg7 25. Rg1 Bxf3+ 26. Qxf3 Rxg1+ 27. Kxg1 Qh4 28. Qg3 Qg4 29. Nc3 h5 30. Kg2 h4 31. Qxg4 fxg4 32. b4 a6 33. a4 Kg7 34. b5 axb5 35. axb5 Kg6 36. h3 Kf5 37. b6 gxh3+ 38. Kxh3 Ng4 39. Nd1 Nxe3 40. Nxe3+ Kxf4 41. Nc2 Ke4 42. Kxh4 Kd3 43. Nb4+ Kxd4 44. Nxc6+ Kxc5 45. Nd8 Kxb6 46. Nxe6 Kb5 47. Kg3 Kc4 48. Kf3 Kc3 49. Ke3 b5 50. Nd4 b4 51. Ne2+ Kc4 52. Nd4 1/2-1/2

[Event "XVII Orsha-2019 Open"]
[Site "Orsha"]
[Date "2019.01.22"]
[Round "7.22"]
[White "Bury, Gleb M"]
[Black "Petrosyan, Sahak"]
[Result "1-0"]
[ECO "C62"]
[WhiteElo "1961"]
[BlackElo "1835"]
[PlyCount "117"]
[EventDate "2019.01.18"]
[EventType "swiss"]
[EventCountry "BLR"]
[TimeControl "5400+30"]

1. e4 e5 2. Nf3 Nc6 3. Bb5 d6 4. c3 f5 5. d4 fxe4 6. Ng5 d5 7. dxe5 Be7 8. h4 Bxg5 9. Bxg5 Nge7 10. Qh5+ g6 11. Qe2 O-O 12. Bf6 Qd7 13. Nd2 Qe6 14. f4 Qg4 15. Qf2 Nf5 16. Nf1 e3 17. Nxe3 Nxe3 18. Qxe3 Bd7 19. Be2 Qxg2 20. Qf3 Qxf3 21. Bxf3 Be6 22. O-O-O Rxf6 23. exf6 Rd8 24. h5 Rd6 25. hxg6 hxg6 26. Rh6 Kf7 27. Rh7+ Kxf6 28. Rxc7 Kf5 29. Rxb7 Kxf4 30. Rf1 Ke3 31. Bd1 d4 32. Rh7 dxc3 33. Rf3+ Ke4 34. Rh4+ Ke5 35. bxc3 Bxa2 36. Bc2 Bd5 37. Rg3 Bf7 38. Rh7 Rf6 39. Rh1 Kd6 40. Rd1+ Kc7 41. Rg5 Rf3 42. Rc5 Rf4 43. Rg5 Rf3 44. Kb2 Rf2 45. Rdg1 Ne7 46. R1g2 Rf6 47. Be4 Re6 48. Bd3 Rd6 49. R2g3 Rc6 50. Re5 Kd6 51. Ra5 Nd5 52. Bxg6 Be6 53. Rxa7 Nb6 54. Bd3 Rc5 55. Ra6 Kc7 56. Rg7+ Kc6 57. Rg6 Re5 58. Bc4 Kc5 59. Bxe6 1-0